 Dungeon Crawl Stone Soup version 0.22.0-49-gab54619 (webtiles) character file.

193 HarryHood the Cudgeler (level 5, -11/47 HPs)
             Began as a Minotaur Berserker on Sept 8, 2018.
             Was a Believer of Trog.
             Killed by nerve-wracking pain
             ... invoked by Grinder
              (13 damage)
             ... on level 3 of the Dungeon.
             The game lasted 00:07:07 (2555 turns).

HarryHood the Cudgeler (Minotaur Berserker)         Turns: 2555, Time: 00:07:08

Health: -11/47     AC:  5    Str: 22    XL:     5   Next: 44%
Magic:  4/4        EV: 11    Int:  4    God:    Trog [**....]
Gold:   176        SH:  0    Dex: 10    Spells: 4/4 levels left

rFire    . . .     SeeInvis .   a - +0 mace
rCold    . . .     Gourm    .   (no shield)
rNeg     . . .     Faith    .   k - +0 ring mail
rPois    .         Spirit   .   (helmet restricted)
rElec    .         Reflect  .   (no cloak)
rCorr    .         Harm     .   (no gloves)
MR       .....                  (no boots)
Stlth    ..........             (no amulet)
HPRegen  0.15/turn              i - ring of flight
MPRegen  0.09/turn              (no ring)

@: no status effects
A: retaliatory headbutt, horns 2
a: Berserk, Trog's Hand, Renounce Religion, Evoke Flight


You were on level 3 of the Dungeon.
You worshipped Trog.
Trog was pleased with you.
You were not hungry.

You visited 1 branch of the dungeon, and saw 3 of its levels.

You collected 176 gold pieces.

Inventory:

Hand Weapons
 a - a +0 mace (weapon)
Missiles
 j - 87 stones (quivered)
Armour
 k - a +0 ring mail (worn)
Jewellery
 i - a ring of flight (left hand)
Scrolls
 b - a scroll of magic mapping {unknown}
 r - 4 scrolls of identify
Potions
 d - a potion of curing {@q2}
 f - a potion of cancellation
 g - a potion of might
 h - a potion of resistance
Comestibles
 e - 7 rations {@e1}
 l - 10 chunks of flesh


   Skills:
 + Level 4.5 Fighting
 - Level 7.0 Maces & Flails
 - Level 2.4 Armour
 - Level 2.1 Dodging


You had 4 spell levels left.
You didn't know any spells.
Your spell library was empty.

Dungeon Overview and Level Annotations

Branches:
Dungeon (3/15)

Altars:
Cheibriados
Qazlal
Uskayaw

Annotations:
D:3 Grinder


Innate Abilities, Weirdness & Mutations

You reflexively headbutt those who attack you in melee.
You have a pair of horns on your head.


Message History

* * * LOW HITPOINT WARNING * * *
The orc hits you but does no damage. Grinder hits you but does no damage.
The orc hits you but does no damage. Grinder hits you.
* * * LOW HITPOINT WARNING * * *
The orc hits you.
* * * LOW HITPOINT WARNING * * *
Grinder hits you but does no damage. The orc hits you but does no damage.
Grinder barely misses you.
You can move again.
You take 37 damage, and have 5/47 hp.
MASSIVE DAMAGE!!
You closely miss Grinder. Your headbutt misses Grinder. The orc misses you.
Grinder hits you but does no damage. The orc hits you but does no damage.
You hit Grinder but do no damage. Grinder hits you.
* * * LOW HITPOINT WARNING * * *
The orc closely misses you. You furiously retaliate!
You headbutt the orc.
You take 4 damage, and have 1/47 hp.
You hit Grinder. Your headbutt misses Grinder. Grinder gestures at you.
Pain shoots through your body!
You die...

......................####.......
.................................
.....░.░....##..........<.......#
......⚑..#.....#................#
....>░.░.# #..#.)...........####
.......>.####..................#
..............###.###..........#
#.........%.).o5#.####.........#
###.......#####o@..............#
.....#...## ###...##.........#
...###...# #.....#..#....#### .!.
#.%... ...##..#..####..# ..
#...### ## ....... ##...# . #...#
........ ##..# . ..... ..........
#.. .##.. ##......... #.
.........# .


You could see Grinder and 2 orcs.

Vanquished Creatures
  An ogre (D:2)
  4 adders (D:2)
  2 worms (D:2)
  4 dart slugs
  4 giant cockroaches
  6 goblins
  8 hobgoblins
  4 jackals (D:2)
  3 quokkas
  9 bats
  2 frilled lizards
  7 kobolds
  6 rats
60 creatures vanquished.

Notes
Turn   | Place    | Note
-------+----------+-------------------------------------------
     0 | D:1      | HarryHood the Minotaur Berserker began the quest for the
                  | Orb.
     0 | D:1      | Reached XP level 1. HP: 19/19 MP: 0/0
   300 | D:1      | Reached skill level 4 in Maces & Flails
   399 | D:1      | Reached XP level 2. HP: 23/26 MP: 1/1
   779 | D:1      | Reached skill level 5 in Maces & Flails
  1014 | D:2      | Reached XP level 3. HP: 31/31 MP: 2/2
  1021 | D:2      | Reached ** piety under Trog
  1563 | D:2      | Noticed an ogre
  1581 | D:2      | Killed an ogre
  1581 | D:2      | Reached skill level 7 in Maces & Flails
  1581 | D:2      | Reached XP level 4. HP: 39/39 MP: 3/3
  1581 | D:2      | Reached XP level 5. HP: 45/45 MP: 4/4
  1888 | D:2      | Reached skill level 4 in Fighting
  1951 | D:2      | Found a snail-covered altar of Cheibriados.
  2213 | D:2      | Found a hide-covered altar of Uskayaw.
  2213 | D:2      | Noticed a hand axe
  2213 | D:2      | Noticed a dagger
  2524 | D:3      | Found a stormy altar of Qazlal.
  2528 | D:3      | Noticed Grinder
  2546 | D:3      | Paralysed by Grinder for 7 turns
  2554 | D:3      | HP: 1/47 [Grinder (4)]
  2555 | D:3      | Killed from afar by Grinder

Skill      XL: |  1  2  3  4  5 |
---------------+----------------+-----
Maces & Flails | 4 5 7 |  7.0
Fighting       | 4 |  4.5
Armour         | |  2.4
Dodging        | |  2.1

Action                   |  1- 3 |  4- 6 || total
-------------------------+-------+-------++-------
Melee: Mace              |    82 |    58 ||   140
       Headbutt          |    11 |    12 ||    23
Invok: Berserk           |     1 |       ||     1
  Use: Scroll            |     3 |     4 ||     7
  Eat: Chunk             |     2 |     4 ||     6
Armor: Animal skin       |     5 |       ||     5
       Ring mail         |       |    30 ||    30
Dodge: Dodged            |    54 |    44 ||    98
